AoeStats
← Sodythaek

Arabia

509919260Analyzed
1v1 RM · 5d ago on Sep 28, 2026· 60m 49s· 2 players
Game mode
Random Map
Map size
Tiny (2 player)
Population
200
Speed
Normal
Resources
Standard
Victory
Conquest
Starting age
Dark Age
Ending age
Imperial Age
RankedLock teamsTeams togetherTeam positionsShared explorationLock speedFull tech treeHidden civsTurbo modeCheats
Victory
Defeat
🇫🇷 Danes · France
1224
+15
1196
-15
Thrun, the Last Troll
6:00 Loom
9:47 Feudal Age
11:05 Double-Bit Axe
11:25 Horse Collar
12:48 Heavy Plow
20:46 Forging
21:12 Gold Mining
24:43 Castle Age
23:52 Scale Barding Armor
24:27 Scale Mail Armor
26:28 Stone Mining
27:17 Gold Shaft Mining
27:19 Iron Casting
26:07 Pikeman
26:22 Cavalier
27:26 Chain Barding Armor
28:14 Wheelbarrow
31:54 Stone Shaft Mining
32:01 Hand Cart
32:00 Husbandry
32:46 Chain Barding Armor
33:49 Fletching
34:27 Bodkin Arrow
36:59 Town Watch
37:51 Padded Archer Armor
38:07 Chain Mail Armor
38:07 Town Patrol
39:04 Crop Rotation
43:57 Imperial Age
42:14 Burgundian Vineyards
44:26 Paladin
46:12 Blast Furnace
45:48 Plate Barding Armor
46:13 Conscription
46:28 Hoardings
45:57 Bracer
47:22 Bow Saw
47:54 Plate Mail Armor
47:25 Crossbowman
48:28 Leather Archer Armor
54:06 Halberdier
55:45 Ballistics
56:25 Chemistry
56:56 Masonry
57:31 Elite Skirmisher
58:49 Squires
Sodythaek
6:49 Loom
9:48 Feudal Age
10:44 Double-Bit Axe
19:06 Forging
20:00 Gold Mining
23:55 Castle Age
23:20 Scale Mail Armor
24:19 Arson
24:53 Chain Mail Armor
24:28 Gambesons
24:43 Squires
24:30 Horse Collar
25:03 Bow Saw
28:01 Iron Casting
30:22 Fletching
31:36 Town Watch
32:47 Stone Mining
33:01 Heavy Plow
34:24 Wheelbarrow
35:04 Bodkin Arrow
39:03 Gold Shaft Mining
40:18 Hand Cart
40:34 Pikeman
48:57 Imperial Age
46:21 Town Watch
48:49 Hamask
49:08 Elite Varangian Guard
49:09 Halberdier
50:22 Plate Mail Armor
50:52 Blast Furnace
51:44 Conscription
59:10 Town Patrol
59:22 Elite Jomsviking
Connection lost

Rejoining the realm…

Still unreachable

The connection could not be restored.

Session expired

The server has moved on; the page needs a fresh start.